Map: Deathaura LE

Players

Serral - Winner!

  • Race: Zerg Zerg
  • Spawn Location: 5:00

DRG

  • Race: Zerg Zerg
  • Spawn Location: 11:00

Event: ASUS ROG Online 2020

VOD

Have the link to the VOD?

Description

Time

  • Played on: Nov. 28, 2020, 4:32 p.m.
  • Length: 13:57

All games in this series

Show
View Real Time Build Order
Export as new Build Order

Serral Zerg - Winner!

Build Orders: Hatch First, Lurkers, Roach Hydra 

Get SALT Encoding   

  12  0:01  Drone  
  13  0:12  Overlord  
  13  0:17  Drone  
  14  0:31  Drone x2  
  16  0:48  Hatchery  
  15  0:51  Drone  
  15  0:54  Drone  
  17  0:58  Drone  
  18  1:09  Extractor  
  17  1:13  Spawning Pool  
  17  1:16  Drone  
  17  1:19  Drone  
  18  1:29  Drone  
  19  1:39  Drone  
  20  1:54  Drone  
  20  2:00  Overlord, Queen x2  
  26  2:01  Zergling x2  
  26  2:09  Metabolic Boost  
  26  2:12  Drone x2  
  28  2:21  Drone  
  28  2:22  Drone  
  30  2:34  Hatchery, Drone  
  30  2:37  Drone  
  30  2:43  Queen  
  33  2:51  Baneling Nest  
  32  2:53  Overlord  
  32  2:57  Zergling x2  
  33  2:58  Drone  
  33  3:01  Drone  
  33  3:05  Zergling x2  
  36  3:12  Drone x4  
  40  3:16  Overlord  
  40  3:20  Zergling x2  
  40  3:22  Zergling x2  
  40  3:24  Drone  
  40  3:25  Drone  
  44  3:30  Evolution Chamber  
  44  3:33  Drone  
  44  3:36  Drone  
  44  3:40  Drone x3  
  48  3:46  Overlord  
  48  3:48  Drone x2  
  50  3:51  Drone  
  50  3:52  Drone x2  
  53  3:56  Zerg Missile Weapons Level 1  
  53  3:58  Drone  
  53  3:59  Drone  
  56  4:02  Drone  
  56  4:06  Lair  
  56  4:08  Extractor  
  56  4:09  Zergling x2, Extractor  
  55  4:11  Baneling  
  55  4:13  Overlord, Drone  
  55  4:16  Drone x2  
  58  4:21  Drone x3  
  60  4:24  Drone x2  
  60  4:26  Drone x2  
  64  4:32  Roach Warren  
  64  4:33  Drone  
  64  4:34  Drone  
  65  4:38  Overlord  
  65  4:40  Extractor, Pneumatized Carapace  
  65  4:42  Drone  
  65  4:43  Drone  
  67  4:45  Drone  
  67  4:46  Drone  
  67  4:50  Drone x2  
  67  4:51  Drone  
  67  4:52  Extractor x2, Drone  
  69  4:53  Drone  
  69  4:55  Drone  
  69  4:56  Drone  
  69  4:57  Drone  
  73  5:04  Overseer  
  73  5:06  Drone x6  
  79  5:10  Overlord  
  79  5:13  Roach  
  81  5:16  Overlord  
  81  5:17  Glial Reconstitution  
  81  5:23  Hatchery  
  81  5:26  Baneling  
  81  5:27  Overlord  
  80  5:29  Roach x2  
  80  5:34  Roach x2  
  88  5:37  Overlord  
  88  5:42  Roach x4  
  96  5:46  Hydralisk Den  
  95  5:50  Baneling x2  
  95  5:53  Roach x3  
  95  5:57  Overlord  
  101  6:06  Zerg Missile Weapons Level 2  
  101  6:08  Overlord  
  101  6:11  Queen x3  
  107  6:19  Lurker Den  
  106  6:26  Drone  
  106  6:27  Spore Crawler  
  106  6:30  Drone  
  106  6:31  Spore Crawler, Drone  
  106  6:32  Drone x2  
  109  6:33  Drone x4  
  109  6:36  Grooved Spines  
  109  6:37  Drone x6  
  109  6:38  Infestation Pit  
  109  6:39  Spore Crawler  
  119  6:42  Overlord x2  
  119  6:44  Overlord  
  119  6:49  Overlord  
  119  6:54  Overlord x2  
  119  6:58  Hydralisk x4  
  124  7:02  Spore Crawler  
  124  7:08  Hydralisk x2  
  123  7:09  Roach x2  
  123  7:12  Roach  
  123  7:13  Roach x5  
  141  7:18  Overseer  
  141  7:21  Extractor x2, Hive  
  139  7:24  Lurker x4  
  139  7:26  Roach x2  
  139  7:27  Roach  
  149  7:32  Roach x4  
  157  7:37  Overlord x2  
  157  7:38  Overlord  
  157  7:42  Roach x3  
  148  7:53  Roach x8  
  142  7:59  Roach x4  
  142  8:04  Hydralisk x3  
  146  8:10  Ravager  
  146  8:11  Ravager  
  148  8:15  Roach x6  
  160  8:24  Ravager  
  160  8:25  Ravager  
  160  8:28  Roach x5  
  160  8:33  Lurker  
  171  8:41  Roach x5  
  154  8:49  Roach x6  
  150  8:58  Seismic Spines  
  150  8:59  Roach  
  150  9:00  Roach x2  
  156  9:03  Lurker  
  156  9:08  Hydralisk  
  156  9:09  Hydralisk x3  
  165  9:10  Spore Crawler  
  164  9:19  Hydralisk x3  
  164  9:20  Roach x4  
  166  9:32  Roach x9  
  170  9:40  Roach  
  148  9:46  Muscular Augments  
  148  9:48  Roach x2  
  148  9:49  Roach x6  
  158  9:56  Roach x4  
  144  10:00  Lurker  
  144  10:01  Extractor  
  144  10:05  Hydralisk x3  
  147  10:07  Roach  
  149  10:16  Roach x4  
  157  10:25  Queen x3  
  157  10:26  Hydralisk x3  
  154  10:36  Roach x3  
  154  10:37  Overlord x2  
  154  10:42  Zerg Ground Armor Level 1  
  154  10:46  Lurker x2  
  154  10:47  Lurker  
  157  10:52  Hydralisk x2  
  157  10:53  Roach x2  
  165  10:57  Roach, Queen  
  169  11:09  Roach  
  169  11:10  Roach x6  
  183  11:14  Adaptive Talons  
  183  11:17  Overseer  
  183  11:18  Overlord  
  183  11:19  Overlord  
  183  11:21  Overlord  
  183  11:24  Overseer  
  183  11:26  Overseer  
  183  11:38  Overlord x2  
  183  11:41  Viper x2  
  183  11:42  Evolution Chamber, Overseer  
  183  11:45  Drone x4  
  192  11:53  Burrow  
  192  11:57  Hydralisk x2  
  196  12:12  Hatchery  
  193  12:20  Hydralisk x3  
  193  12:22  Overlord  
  199  12:23  Overlord  
  199  12:34  Spine Crawler x2  
  197  12:43  Hydralisk  
  193  12:53  Extractor  
  193  12:54  Extractor  
  175  13:07  Hydralisk  
  175  13:08  Hydralisk x11  
  193  13:15  Viper x2  
  193  13:16  Overseer  
  185  13:33  Hydralisk  
Show
View Real Time Build Order
Export as new Build Order

DRG Zerg 

Build Orders: Hatch First 

Get SALT Encoding   

  12  0:00  Drone  
  13  0:11  Overlord  
  13  0:16  Drone  
  14  0:30  Drone x2  
  16  0:47  Hatchery  
  15  0:50  Drone  
  15  0:54  Drone  
  17  0:57  Drone  
  18  1:08  Extractor  
  17  1:13  Spawning Pool  
  17  1:16  Drone  
  17  1:19  Drone  
  18  1:27  Drone  
  19  1:38  Drone  
  20  1:49  Drone  
  21  2:00  Queen x2  
  21  2:01  Overlord  
  25  2:02  Drone  
  26  2:10  Drone  
  26  2:11  Drone, Metabolic Boost  
  28  2:21  Zergling x2, Drone  
  30  2:30  Hatchery  
  30  2:33  Drone  
  30  2:36  Drone  
  31  2:45  Overlord x2  
  31  2:53  Drone  
  31  2:57  Drone, Baneling Nest  
  32  3:03  Drone  
  32  3:04  Drone  
  34  3:07  Zergling x4  
  34  3:09  Drone x2  
  34  3:11  Drone  
  39  3:13  Drone  
  39  3:18  Queen  
  42  3:22  Drone  
  42  3:24  Drone  
  44  3:30  Drone x2, Evolution Chamber  
  45  3:38  Overlord  
  46  3:41  Drone x2  
  46  3:42  Drone  
  46  3:45  Zergling x4  
  46  3:46  Drone x2  
  46  3:48  Drone  
  53  3:53  Lair  
  53  3:56  Drone  
  53  3:57  Drone  
  53  4:01  Extractor x2  
  53  4:03  Drone  
  53  4:07  Drone x2  
  53  4:09  Baneling  
  56  4:10  Drone  
  56  4:13  Overlord  
  56  4:15  Drone x2  
  59  4:18  Overlord  
  59  4:20  Extractor, Drone x2  
  60  4:26  Zergling x2  
  60  4:27  Drone  
  60  4:29  Drone x3  
  60  4:30  Drone  
  65  4:31  Zerg Missile Weapons Level 1  
  65  4:36  Extractor  
  65  4:37  Extractor  
  63  4:39  Drone x3  
  63  4:43  Drone  
  63  4:44  Drone x2  
  69  4:48  Overlord  
  69  4:50  Drone x5  
  74  4:56  Spire  
  73  5:02  Drone x3  
  76  5:12  Hatchery  
  75  5:16  Roach Warren  
  75  5:17  Drone  
  75  5:19  Drone  
  75  5:21  Zergling x10  
  81  5:24  Overlord  
  81  5:25  Overseer  
  81  5:27  Overlord  
  81  5:31  Overlord  
  81  5:34  Overlord x2  
  80  5:48  Overlord  
  80  5:51  Drone x5  
  85  6:07  Overlord  
  85  6:08  Mutalisk x9  
  85  6:09  Glial Reconstitution  
  103  6:15  Overlord  
  103  6:17  Overlord  
  103  6:19  Drone x6  
  103  6:24  Extractor  
  108  6:26  Queen  
  108  6:28  Zerg Missile Weapons Level 2  
  108  6:29  Extractor  
  109  6:35  Roach x7  
  123  6:41  Roach x3  
  123  6:46  Roach  
  137  6:47  Roach x3  
  136  6:55  Roach x6  
  148  7:03  Roach x6  
  148  7:07  Overlord  
  160  7:09  Overlord x2  
  160  7:15  Roach x2  
  164  7:17  Ravager x3  
  164  7:18  Overlord  
  167  7:26  Roach x4  
  175  7:30  Roach x6  
  187  7:37  Ravager x4  
  187  7:40  Roach x2  
  195  7:45  Roach x2  
  195  7:46  Roach  
  186  7:57  Roach x11  
  192  8:02  Overseer  
  192  8:03  Roach x2  
  182  8:08  Roach x4  
  190  8:14  Roach x4  
  190  8:17  Overseer  
  198  8:24  Overlord  
  198  8:26  Ravager  
  199  8:33  Overlord  
  199  8:39  Roach x3  
  199  8:40  Roach x2  
  192  8:42  Roach x6  
  192  8:44  Zerg Ground Armor Level 1, Overseer  
  192  8:47  Roach x5  
  183  8:50  Roach x2  
  183  8:54  Roach x3  
  173  8:58  Roach x2  
  173  9:00  Ravager  
  178  9:11  Roach x2  
  178  9:12  Roach x2  
  178  9:16  Ravager x4  
  190  9:18  Roach x2  
  190  9:23  Hatchery  
  191  9:31  Roach  
  191  9:32  Roach x3  
  189  9:39  Overseer  
  189  9:40  Roach x8  
  187  9:51  Infestation Pit  
  173  9:54  Roach x9  
  185  10:03  Hydralisk Den  
  185  10:06  Ravager x4  
  188  10:09  Roach  
  188  10:10  Roach x3  
  196  10:21  Roach x2  
  200  10:22  Overseer  
  200  10:28  Hive  
  180  10:41  Roach x14  
  190  10:50  Ravager  
  191  11:00  Hydralisk x4  
  199  11:25  Spore Crawler  
  199  11:26  Spore Crawler  
  199  11:28  Lurker Den  
  196  11:39  Extractor  
  195  11:40  Extractor  
  195  11:42  Viper x2  
  200  11:48  Evolution Chamber  
  200  11:54  Overseer  
  199  12:00  Viper x2  
  193  12:03  Hydralisk x3  
  193  12:16  Overseer  
  193  12:17  Overseer  
  193  12:18  Hydralisk  
  193  12:19  Hydralisk x2  
  199  12:28  Spine Crawler  
  199  12:29  Seismic Spines  
  198  12:30  Spine Crawler  
  198  12:36  Hydralisk x2  
  195  12:41  Drone x9  
  195  12:46  Drone x3  
  195  12:49  Overlord x3  
  195  12:51  Pneumatized Carapace  
  178  13:01  Hydralisk x7  
  183  13:15  Viper x2  
  181  13:22  Hydralisk x9  
Tags
 
Add a new tag
Caveats
  • Supply blocks, unpowered buildings, or Contaminate may cause inaccurate times.
  • Supply counts are checked every 10 seconds.